 Dungeon Crawl Stone Soup version 0.28-a0-1152-g9c71ebef14 (webtiles) character file.

Game seed: 16029864857750624696

35 Turgor the Skirmisher (level 3, 0/33 HPs)
             Began as a Minotaur Fighter on Dec 14, 2021.
             Slain by a gnoll (4 damage)
             ... on level 2 of the Dungeon.
             The game lasted 00:02:14 (929 turns).

Turgor the Skirmisher (Minotaur Fighter)             Turns: 929, Time: 00:02:16

Health: 0/33       AC:  7    Str: 22    XL:     3   Next: 16%
Magic:  2/2        EV:  9    Int:  5    God:
Gold:   67         SH:  4    Dex:  9    Spells: 2/2 levels left

rFire   . . .      SeeInvis .   a - +0 war axe
rCold   . . .      Faith    .   c - +0 buckler
rNeg    . . .      Spirit   .   b - +0 scale mail
rPois   .          Reflect  .   (helmet restricted)
rElec   .          Harm     .   (no cloak)
rCorr   .          Rampage  .   (no gloves)
Will    .....                   (no boots)
Stlth   ..........              (no amulet)
HPRegen 0.11/turn               (no ring)
MPRegen 0.08/turn               (no ring)

@: no status effects
A: horns 2, retaliatory headbutt
a: no special abilities


You were on level 2 of the Dungeon.
You visited 1 branch of the dungeon, and saw 2 of its levels.

You collected 67 gold pieces.

Inventory:

Hand Weapons
 a - a +0 war axe (weapon)
Armour
 b - a +0 scale mail (worn)
 c - a +0 buckler (worn)
Scrolls
 e - a scroll of amnesia {unknown}
Potions
 d - a potion of might


   Skills:
 + Level 4.0 Fighting
 * Level 3.4 Axes
 + Level 4.0 Armour
 - Level 4.0 Shields


You had 2 spell levels left.
You didn't know any spells.
Your spell library was empty.

Dungeon Overview and Level Annotations

Branches:
Dungeon (2/15)

Altars:


Innate Abilities, Weirdness & Mutations

You have a pair of horns on your head.
You reflexively headbutt those who attack you in melee.


Message History

A ball python comes into view.
The gnoll hits you with a +0 club.
The ball python bites you but does no damage.
You block the ball python's attack.
You hit the gnoll.
The gnoll is almost dead.
The gnoll hits you from afar with a +0 spear.
The gnoll hits you with a +0 club.
The ball python bites you but does no damage.
You block the ball python's attack.
You hit the gnoll but do no damage. You headbutt the gnoll.
You kill the gnoll!
You closely miss the ball python. The gnoll hits you but does no damage.
The gnoll hits you from afar with a +0 spear.
The ball python bites you but does no damage.
The ball python grabs you. The ball python constricts you.
The gnoll hits you from afar with a +0 spear.
The gnoll barely misses you.
Training target 4.0 for Shields reached!
Your Fighting skill increases to level 4!
Your Armour skill increases to level 4!
Your Shields skill increases to level 4!
You have reached level 3!
Your experience leads to an increase in your attributes!
Increase (S)trength, (I)ntelligence, or (D)exterity?
You feel stronger. x2
You slash the ball python!
You kill the ball python!
The gnoll hits you from afar with a +0 spear.
You block the gnoll's attack.
You are too injured to fight recklessly!
Unknown command.
The gnoll hits you with a +0 spear. The gnoll hits you but does no damage.
You barely miss the gnoll. Your headbutt misses the gnoll.
The gnoll hits you with a +0 spear!
* * * LOW HITPOINT WARNING * * *
You block the gnoll's attack. The gnoll hits you with a +0 spear.
* * * LOW HITPOINT WARNING * * *
The gnoll hits you from afar with a +0 spear.
You die...

########..#..#....
..........?#..#..
.........#.....
.........#†w#
.S.........l###
...........gg)##
..........###..###### #
..........####gl....#.#..
............@g....#......
..##..##.#####..#...# # .
.... ..$ #..#.###
........ .......
...##..## ..... #.##
<.... ..# .... .. .##


You could see 2 gnolls and a frilled lizard.

Vanquished Creatures
  A gnoll (D:2)
  A worm (D:2)
  5 ball pythons
  A bat (D:1)
  2 endoplasms (D:1)
  A giant cockroach (D:1)
  A hobgoblin (D:1)
  3 jackals (D:1)
  A kobold (D:1)
  A quokka (D:1)
  A frilled lizard (D:1)
  2 rats
20 creatures vanquished.

Notes
Turn   | Place    | Note
-------+----------+-------------------------------------------
     0 | D:1      | Turgor the Minotaur Fighter began the quest for the Orb.
     0 | D:1      | Reached XP level 1. HP: 19/19 MP: 0/0
   310 | D:1      | Reached XP level 2. HP: 27/27 MP: 1/1
   923 | D:2      | Reached XP level 3. HP: 20/33 MP: 2/2
   929 | D:2      | Slain by a gnoll

Illustrated notes

Levels and vault maps discovered:
D:1:      minmay_arrival_split_and_join, layout_loops_ring
D:2:      layout_rooms, minmay_misc_feat_diagonals, st_stairs_6

Skill      XL: |  1  2 |
---------------+-------+-----
Axes           | 3 |  3.4
Fighting       | 4 |  4.0
Armour         | 4 |  4.0
Shields        | 4 |  4.0

Action                   || total
-------------------------++-------
Melee: War axe           ||    56
       Headbutt          ||     9
Armor: Scale mail        ||    35
Dodge: Dodged            ||    21
Block: Buckler           ||    13

Table legend: (Time is in decaauts)
 A = Elapsed time spent in this place.
 B = Non-inter-level travel time spent in this place.
 C = Inter-level travel time spent in this place.
 D = Time resting spent in this place.
 E = Time spent auto-exploring this place.
 F = Levels seen in this place.
 G = Mean time per level.
                   A        B        C        D        E       F      G
               +--------+--------+--------+--------+--------+-----+--------+
         Total |    948 |    938 |     10 |      0 |    799 |   2 |  474.0 |
       Dungeon |    948 |    938 |     10 |      0 |    799 |   2 |  474.0 |
               +--------+--------+--------+--------+--------+-----+--------+

Top non-repeatable levels by time:
     D:1: 870 daAuts
     D:2: 78 daAuts
